Map: Cerulean Fall LE

Players

Lambo - Winner!

  • Race: Zerg Zerg
  • League: Master
  • Spawn Location: 7:00

Ikebana

  • Race: Terran Terran
  • League: Master
  • Spawn Location: 1:00

VOD

Have the link to the VOD?

Description

Time

  • Played on: Dec. 25, 2018, 1 p.m.
  • Length: 15:29
Show
View Real Time Build Order
Export as new Build Order

Lambo Zerg - Winner!

Build Orders: Pool First 

Get SALT Encoding   

  12  0:01  Drone  
  13  0:12  Overlord  
  13  0:17  Drone  
  14  0:31  Drone x2  
  16  0:45  Drone  
  16  0:46  Drone  
  16  0:49  Spawning Pool  
  17  0:52  Extractor  
  16  0:57  Drone  
  17  1:17  Hatchery  
  16  1:20  Drone  
  16  1:24  Drone  
  18  1:28  Drone  
  19  1:39  Queen  
  21  1:47  Overlord  
  21  1:55  Metabolic Boost  
  21  2:00  Zergling x2  
  22  2:11  Drone  
  22  2:13  Drone  
  22  2:15  Queen  
  26  2:25  Drone  
  26  2:29  Drone  
  28  2:33  Drone  
  28  2:34  Pneumatized Carapace  
  29  2:43  Drone  
  30  2:49  Hatchery  
  29  2:55  Drone x2  
  29  2:57  Drone  
  32  3:00  Overlord  
  32  3:02  Drone  
  33  3:06  Drone  
  33  3:08  Drone  
  35  3:13  Drone  
  36  3:23  Drone x2  
  36  3:24  Queen  
  40  3:27  Drone x2  
  40  3:31  Drone  
  43  3:34  Drone  
  43  3:38  Overlord  
  44  3:45  Extractor  
  44  3:46  Drone  
  44  3:47  Extractor  
  43  3:48  Drone  
  46  3:55  Queen  
  46  3:57  Overlord  
  48  4:03  Queen  
  48  4:04  Queen  
  48  4:06  Overlord  
  48  4:07  Zergling x6  
  48  4:08  Zergling x4  
  57  4:12  Overlord, Drone  
  58  4:20  Drone x2  
  58  4:22  Evolution Chamber  
  59  4:24  Drone  
  59  4:25  Drone  
  61  4:33  Drone  
  61  4:35  Evolution Chamber, Drone x3  
  61  4:36  Drone x2  
  66  4:42  Drone  
  66  4:44  Overlord  
  67  4:48  Extractor, Zerg Ground Armor Level 1, Drone  
  67  4:50  Extractor  
  67  4:51  Drone  
  67  4:56  Zergling x4  
  69  5:02  Drone  
  70  5:09  Overlord  
  70  5:10  Overlord, Drone  
  70  5:12  Zerg Melee Weapons Level 1  
  70  5:14  Overlord  
  71  5:15  Drone x5  
  76  5:22  Drone x2  
  76  5:24  Drone x2  
  76  5:26  Lair, Spore Crawler x2  
  76  5:27  Spore Crawler  
  77  5:29  Drone x2  
  77  5:34  Drone  
  79  5:36  Drone  
  79  5:38  Drone  
  79  5:39  Extractor  
  79  5:41  Drone  
  79  5:42  Queen  
  81  5:44  Baneling Nest, Drone  
  81  5:45  Drone  
  81  5:46  Extractor  
  83  5:51  Drone  
  83  5:52  Drone  
  83  5:56  Drone x3  
  88  5:58  Hatchery, Drone  
  88  5:59  Overlord, Extractor  
  87  6:05  Zergling x6  
  87  6:10  Zergling x6  
  91  6:13  Queen  
  91  6:17  Zergling x6  
  92  6:25  Drone x3  
  89  6:29  Drone x6  
  93  6:33  Hydralisk Den, Overseer  
  93  6:37  Drone x2  
  94  6:44  Drone x2  
  94  6:46  Infestation Pit  
  95  6:50  Drone x2  
  97  6:58  Centrifical Hooks  
  97  7:00  Zerg Missile Weapons Level 1  
  97  7:03  Overlord x2  
  97  7:09  Overlord x2, Grooved Spines  
  97  7:11  Overlord  
  97  7:16  Overlord  
  97  7:21  Spore Crawler  
  97  7:22  Spore Crawler  
  95  7:25  Hydralisk x8  
  110  7:33  Hydralisk x4  
  116  7:40  Hydralisk x2  
  115  7:47  Drone x10  
  125  7:51  Hydralisk  
  125  7:52  Overseer  
  128  7:58  Drone x3  
  128  7:59  Drone x3  
  132  8:15  Hydralisk x3  
  132  8:16  Hydralisk x2  
  133  8:20  Zergling x12  
  133  8:21  Muscular Augments  
  129  8:27  Zergling x4  
  129  8:31  Overseer  
  129  8:33  Hydralisk  
  127  8:35  Overlord x2  
  127  8:39  Overlord  
  127  8:40  Overlord  
  127  8:41  Hydralisk x2  
  123  8:46  Hydralisk  
  123  8:47  Overlord  
  127  8:48  Overlord  
  127  8:49  Zerg Melee Weapons Level 2  
  127  8:50  Overlord  
  127  8:51  Overlord  
  127  8:52  Queen  
  127  8:54  Extractor  
  128  8:55  Overlord  
  128  8:56  Hatchery, Overseer  
  128  8:58  Hydralisk x3  
  128  8:59  Baneling x4  
  128  9:00  Zergling x2  
  134  9:03  Hydralisk x2  
  134  9:06  Zergling x6  
  141  9:11  Hydralisk x3  
  141  9:14  Overseer  
  141  9:16  Hydralisk  
  147  9:20  Zergling x4  
  146  9:24  Zergling x2  
  146  9:28  Zergling x2  
  146  9:30  Queen  
  148  9:31  Zergling x2  
  148  9:32  Zergling x12, Hive  
  153  9:40  Zergling x2  
  153  9:41  Zergling x6  
  150  9:46  Zergling x2  
  150  9:47  Zergling x2  
  150  9:50  Zergling x2  
  150  9:52  Hydralisk  
  150  9:53  Hydralisk  
  150  9:56  Hydralisk  
  151  10:02  Hydralisk x3, Baneling x11  
  151  10:03  Zergling x14  
  164  10:07  Hydralisk  
  164  10:08  Hydralisk, Zergling x2  
  164  10:09  Baneling x4  
  164  10:12  Zergling x4  
  171  10:17  Overseer  
  171  10:18  Zergling x2  
  168  10:23  Zergling x8  
  171  10:34  Hydralisk x9  
  171  10:35  Zergling x2  
  178  10:40  Zergling x10  
  177  10:44  Hydralisk x2  
  176  10:50  Zergling x4  
  176  10:56  Zergling x6  
  178  10:59  Overseer  
  174  11:07  Zergling x4  
  173  11:12  Hydralisk x3  
  167  11:22  Hydralisk  
  167  11:23  Zergling x2  
  163  11:28  Viper x2  
  165  11:34  Overlord x2  
  165  11:38  Overlord, Baneling  
  165  11:39  Baneling x5  
  164  11:40  Overlord x2  
  164  11:48  Baneling x12  
  164  11:49  Overlord  
  164  11:50  Zerg Missile Weapons Level 2  
  164  11:51  Zergling x4  
  164  11:52  Overlord  
  166  11:57  Hydralisk x4  
  166  11:58  Zergling x14  
  166  11:59  Overseer  
  181  12:01  Overseer  
  181  12:02  Zergling x8  
  181  12:07  Spore Crawler, Hydralisk x2  
  188  12:08  Zergling x6  
  188  12:09  Spine Crawler, Zergling x8  
  188  12:12  Hydralisk  
  188  12:15  Baneling x5  
  196  12:18  Zergling x8  
  196  12:22  Baneling x6  
  200  12:25  Overseer  
  200  12:33  Overlord  
  198  12:41  Zergling x12  
  198  12:49  Zergling x2  
  198  12:50  Zergling x22  
  182  12:54  Zergling x8  
  182  12:57  Hydralisk, Overseer  
  177  13:01  Viper  
  177  13:05  Hydralisk x3  
  179  13:06  Zergling x4  
  179  13:10  Hydralisk x2  
  189  13:15  Hydralisk x3  
  189  13:17  Baneling x14  
  189  13:19  Zergling x2  
  197  13:20  Zergling x2  
  197  13:22  Zergling x2  
  197  13:24  Baneling x4  
  197  13:25  Zergling x2  
  199  13:34  Zergling x2  
  200  13:43  Hydralisk, Zergling x12  
  200  13:46  Hydralisk x2  
  200  13:47  Zergling x4  
  191  13:48  Hydralisk  
  191  13:50  Hydralisk  
  191  13:54  Hydralisk x2  
  190  13:58  Hydralisk x2  
  190  14:04  Hydralisk  
  190  14:05  Hydralisk x2  
  190  14:08  Hydralisk  
  190  14:13  Hydralisk x2  
  190  14:14  Hydralisk  
  190  14:16  Hydralisk x2  
  190  14:17  Zergling x4  
  190  14:23  Hydralisk x2, Zergling x2  
  190  14:24  Zergling x10  
  189  14:29  Hydralisk x2  
  189  14:30  Zergling x2  
  180  14:35  Hydralisk x2  
  184  14:41  Hydralisk  
  184  14:42  Extractor, Zergling x4  
  179  14:46  Zergling x4  
  179  14:48  Hatchery, Overseer x3  
  179  14:50  Zergling x2  
  179  14:51  Zergling x4  
  183  14:58  Extractor x2  
  181  15:01  Zergling x2  
  181  15:02  Zergling x8  
  186  15:10  Zergling x22  
  172  15:27  Spire  
Show
View Real Time Build Order
Export as new Build Order

Ikebana Terran 

Build Orders: Reaper Expand, Hellion Banshee 

Get SALT Encoding   

  12  0:01  SCV  
  13  0:13  SCV  
  14  0:18  Supply Depot  
  14  0:25  SCV  
  15  0:40  SCV  
  16  0:43  Barracks  
  16  0:52  SCV  
  16  0:54  Refinery  
  17  1:04  SCV  
  17  1:16  SCV  
  18  1:30  Orbital Command  
  18  1:37  Reaper  
  19  1:46  Command Center  
  19  1:55  SCV  
  19  1:57  Supply Depot  
  20  2:07  SCV  
  21  2:09  Marine  
  22  2:20  SCV  
  23  2:24  Factory  
  23  2:32  SCV  
  24  2:41  Barracks Reactor  
  24  2:44  SCV  
  25  2:48  Command Center  
  25  2:56  SCV  
  26  2:58  Orbital Command  
  26  3:08  Refinery, SCV  
  27  3:19  Starport  
  27  3:20  SCV  
  27  3:24  SCV  
  28  3:27  Hellion  
  28  3:30  Hellion  
  28  3:32  Barracks Tech Lab, SCV  
  33  3:38  SCV  
  34  3:44  SCV  
  35  3:49  Hellion  
  35  3:50  SCV  
  35  3:52  Hellion  
  40  3:55  Viking  
  40  3:57  SCV  
  43  4:03  SCV, Orbital Command  
  43  4:06  Refinery  
  44  4:10  Hellion  
  44  4:13  Hellion  
  44  4:14  SCV  
  44  4:16  SCV  
  50  4:19  Refinery  
  50  4:25  Barracks Tech Lab  
  50  4:26  SCV  
  50  4:28  SCV  
  52  4:36  Hellion x2  
  56  4:40  Hyperflight Rotors  
  56  4:41  Banshee  
  56  4:43  SCV x2  
  61  4:48  Supply Depot x2  
  61  4:59  Barracks Tech Lab  
  61  5:05  Factory  
  61  5:09  Factory, SCV x2  
  61  5:11  Orbital Command  
  61  5:12  Hellion x2  
  67  5:15  Armory  
  67  5:23  SCV  
  67  5:24  Engineering Bay  
  67  5:25  Supply Depot  
  68  5:29  Banshee  
  68  5:32  SCV  
  68  5:35  SCV  
  73  5:39  SCV  
  74  5:44  SCV  
  74  5:47  SCV  
  76  5:51  SCV  
  76  5:56  SCV  
  78  5:59  SCV, Supply Depot  
  78  6:03  Cyclone x2  
  85  6:04  Hellion  
  85  6:06  SCV  
  86  6:11  Banshee  
  85  6:22  SCV  
  82  6:29  Hellion x2  
  82  6:32  SCV x2  
  78  6:34  SCV  
  78  6:35  Hellion  
  78  6:36  Refinery  
  78  6:37  Refinery  
  81  6:41  Terran Vehicle And Ship Armor Level 1  
  81  6:44  SCV x2  
  81  6:45  Mag-Field Accelerator  
  81  6:46  SCV  
  84  6:47  Infernal Pre-Igniter  
  84  6:48  Command Center  
  84  6:50  Cloaking Field  
  84  6:56  SCV  
  84  6:57  Banshee  
  84  6:58  SCV  
  84  7:00  Supply Depot  
  89  7:06  Cyclone  
  89  7:07  Hellion  
  94  7:10  SCV x2  
  94  7:11  SCV  
  94  7:14  Cyclone  
  100  7:22  SCV x2  
  102  7:23  SCV  
  103  7:30  Hellion x2  
  103  7:34  SCV x2  
  109  7:41  Supply Depot  
  109  7:42  SCV  
  108  7:44  Cyclone  
  108  7:46  SCV, Cyclone  
  115  7:52  Supply Depot, Hellion  
  115  7:54  Supply Depot  
  117  8:00  Hellion, Banshee  
  122  8:07  Factory, SCV x2  
  122  8:08  Factory  
  122  8:09  Planetary Fortress  
  124  8:13  Hellion  
  124  8:15  Supply Depot  
  124  8:16  Cyclone  
  124  8:18  Cyclone  
  130  8:21  Hellion  
  130  8:22  Supply Depot  
  117  8:34  Hellion  
  119  8:45  Hellion  
  119  8:46  SCV x4  
  124  8:49  Siege Tank  
  124  8:50  Siege Tank  
  124  8:52  Factory Reactor  
  124  8:53  Factory Tech Lab  
  124  8:54  Banshee  
  133  8:56  Hellion  
  133  8:58  SCV  
  133  8:59  Refinery, Terran Vehicle And Ship Armor Level 2  
  136  9:04  Refinery  
  136  9:07  Hellion  
  138  9:15  Cyclone  
  141  9:17  Factory x2, Hellion  
  141  9:18  Factory  
  141  9:21  Cyclone  
  141  9:22  Cyclone  
  149  9:28  Hellion  
  149  9:29  Hellion  
  153  9:35  Hellion  
  155  9:39  Hellion  
  157  9:47  Siege Tank  
  157  9:48  Banshee  
  157  9:50  Hellion x2  
  167  9:53  Siege Tank  
  167  9:55  Siege Tank  
  167  9:59  Supply Depot  
  171  10:01  Supply Depot  
  171  10:04  Command Center  
  171  10:08  Factory Tech Lab  
  171  10:09  Factory Reactor, Factory Tech Lab  
  171  10:17  Hellion  
  171  10:18  Hellion x2  
  171  10:20  Cyclone  
  180  10:25  Cyclone  
  183  10:31  Banshee  
  131  10:43  Siege Tank x2  
  131  10:44  Hellion x3  
  131  10:47  Hellion, Siege Tank  
  131  10:49  Hellion  
  141  10:52  Siege Tank, Hellion  
  138  10:57  Siege Tank  
  128  11:05  Hellion x2  
  128  11:06  Hellion  
  131  11:13  Banshee, Hellion  
  131  11:15  Siege Tank  
  131  11:16  Hellion  
  117  11:23  SCV  
  117  11:24  Siege Tank  
  119  11:27  Hellion x3  
  119  11:29  Siege Tank  
  126  11:33  SCV x2  
  126  11:34  Hellion  
  126  11:37  SCV  
  131  11:41  Factory Reactor  
  131  11:43  Terran Vehicle And Ship Armor Level 3  
  131  11:47  Siege Tank  
  131  11:48  Hellion x2  
  131  11:49  Hellion  
  131  11:51  SCV x2  
  131  11:54  SCV  
  143  11:56  Siege Tank  
  143  11:57  Hellion  
  143  12:00  Banshee  
  148  12:15  Planetary Fortress  
  148  12:17  SCV x3  
  148  12:18  SCV  
  152  12:26  Siege Tank x2  
  152  12:27  Siege Tank, Hellion x2  
  165  12:31  Sensor Tower  
  165  12:35  Sensor Tower  
  165  12:41  Cyclone  
  165  12:42  Hellion x2  
  170  12:45  Sensor Tower  
  138  12:51  Hellion x2  
  138  12:54  Hellion  
  122  13:00  Siege Tank  
  122  13:01  Hellion x2, Siege Tank  
  122  13:03  Hellion x2  
  132  13:12  Hellion x2  
  134  13:15  Refinery, Smart Servos  
  134  13:17  Refinery  
  134  13:18  Armory  
  134  13:23  Siege Tank x2  
  134  13:24  Hellion x2  
  142  13:33  Siege Tank, Cyclone  
  130  13:50  Hellion x2  
  130  13:53  Hellion x2  
  130  13:55  Siege Tank x2  
  135  14:05  Siege Tank  
  135  14:08  SCV, Siege Tank  
  135  14:09  Hellion x2  
  115  14:29  Hellion x2  
  115  14:30  Hellion  
  108  14:45  SCV  
  108  14:46  Hellion  
  108  14:48  SCV  
  108  14:53  Hellion, Siege Tank x2  
  108  14:54  Orbital Command  
  116  15:05  Supply Depot  
  116  15:06  Hellion x3, Supply Depot x2  
  122  15:08  Refinery  
Tags
 
Add a new tag
Caveats
  • Supply blocks, unpowered buildings, or Contaminate may cause inaccurate times.
  • Supply counts are checked every 10 seconds.